[Event "GER-chT Youth Countries 2020"]
[Site "Berlin"]
[Date "2020.10.03"]
[Round "6"]
[White "Lange, Jannis"]
[Black "Koelle, Tobias"]
[Result "0-1"]
[ECO "A05"]
[WhiteElo "2126"]
[BlackElo "2275"]
[Annotator "ChessBase"]
[PlyCount "70"]
[EventDate "2020.09.30"]
[EventType "team-tourn"]
[EventRounds "7"]
[EventCountry "GER"]
[SourceTitle "playchess.com"]
[Source "ChessBase"]
[SourceQuality "1"]
[TimeControl "30/5400+30:0"]

1. Nf3 Nf6 2. g3 d5 3. Bg2 c6 4. O-O Bf5 5. d4 e6 6. c4 h6 7. Nc3 Nbd7 8. Nd2 Be7 9. e4 dxe4 10. Ndxe4 Nxe4 11. Nxe4 O-O 12. Be3 Nf6 13. Nxf6+ Bxf6 14. Qd2 Qe7 15. Rfd1 Rfd8 16. Qe2 Rd7 17. Rd2 Rad8 18. Rad1 Qb4 19. g4 Bg6 20. f4 Qa5 21. a3 Qa6 22. Bf3 Bh7 23. g5 hxg5 24. fxg5 Be7 25. Bg4 Qa5 26. d5 cxd5 27. cxd5 Rxd5 28. Rxd5 Rxd5 29. Rxd5 Qxd5 30. Qd2 Bc5 31. Qf2 Qe4 32. Bxc5 Qxg4+ 33. Kf1 Qxg5 34. Qe3 Qf5+ 35. Ke1 Qb1+ 0-1

[Event "GER-chT Youth Countries 2020"]
[Site "Berlin"]
[Date "2020.10.03"]
[Round "6"]
[White "Burian, Simon"]
[Black "Zimmer, Luca"]
[Result "1-0"]
[ECO "C15"]
[WhiteElo "2113"]
[BlackElo "1690"]
[Annotator "ChessBase"]
[PlyCount "67"]
[EventDate "2020.09.30"]
[EventType "team-tourn"]
[EventRounds "7"]
[EventCountry "GER"]
[SourceTitle "playchess.com"]
[Source "ChessBase"]
[SourceQuality "1"]
[TimeControl "30/5400+30:0"]

1. e4 e6 2. d4 d5 3. Nc3 Bb4 4. Qg4 Ne7 5. exd5 exd5 6. Qxg7 Rg8 7. Qh6 Bf5 8. Qd2 c5 9. Nge2 Nbc6 10. a3 Ba5 11. f3 Qb6 12. dxc5 Qxc5 13. b4 Nxb4 14. axb4 Bxb4 15. Bb2 Nc6 16. O-O-O Be6 17. Nd4 Rc8 18. Nxc6 bxc6 19. Qd3 Ba3 20. Bxa3 Qxa3+ 21. Kd2 Rb8 22. Qxh7 Kf8 23. Qh6+ Ke8 24. g3 d4 25. Ne4 Rg6 26. Qf4 Qb4+ 27. Ke2 Bc4+ 28. Kf2 Bxf1 29. Rhxf1 a5 30. Rfe1 Kf8 31. Qe5 a4 32. Qh8+ Rg8 33. Qh6+ Rg7 34. Nf6 1-0

[Event "GER-chT Youth Countries 2020"]
[Site "Berlin"]
[Date "2020.10.03"]
[Round "6"]
[White "Junker, Magnus"]
[Black "Dietz, Kristin"]
[Result "0-1"]
[ECO "B42"]
[WhiteElo "2093"]
[BlackElo "1913"]
[Annotator "ChessBase"]
[PlyCount "84"]
[EventDate "2020.09.30"]
[EventType "team-tourn"]
[EventRounds "7"]
[EventCountry "GER"]
[SourceTitle "playchess.com"]
[Source "ChessBase"]
[SourceQuality "1"]
[TimeControl "30/5400+30:0"]

1. e4 c5 2. Nf3 e6 3. d4 cxd4 4. Nxd4 a6 5. Bd3 Nf6 6. c4 Nc6 7. Nf3 Qc7 8. O-O g6 9. Nc3 Bg7 10. Qe2 O-O 11. Bg5 d6 12. Rfd1 b6 13. Rd2 Bb7 14. Rad1 Rad8 15. Bb1 Na5 16. b3 b5 17. e5 dxe5 18. Rxd8 Rxd8 19. Rxd8+ Qxd8 20. cxb5 axb5 21. Nxb5 Ba6 22. Nxe5 Qd5 23. Bd3 Bxb5 24. Bxb5 Ne4 25. Qc2 Bxe5 26. Qc8+ Kg7 27. Be7 g5 28. Qf8+ Kg6 29. Qg8+ Bg7 30. Bf8 Qd4 31. Qxg7+ Qxg7 32. Bxg7 Kxg7 33. b4 Nc3 34. Bd7 Nc4 35. Kf1 Kf6 36. b5 Nxa2 37. Ke2 Nc3+ 38. Ke1 Ke7 39. Bc6 Ne5 40. Ba8 Nxb5 41. f3 Nd6 42. Kf2 Kd7 0-1

[Event "GER-chT Youth Countries 2020"]
[Site "Berlin"]
[Date "2020.10.03"]
[Round "6"]
[White "Gallasch, Jonas"]
[Black "Haack, Kevin"]
[Result "1-0"]
[ECO "D35"]
[WhiteElo "2090"]
[BlackElo "2209"]
[Annotator "ChessBase"]
[PlyCount "113"]
[EventDate "2020.09.30"]
[EventType "team-tourn"]
[EventRounds "7"]
[EventCountry "GER"]
[SourceTitle "playchess.com"]
[Source "ChessBase"]
[SourceQuality "1"]
[TimeControl "30/5400+30:0"]

1. d4 d5 2. c4 e6 3. Nc3 Nf6 4. cxd5 exd5 5. Bg5 Be7 6. e3 c6 7. Bd3 Nbd7 8. Qc2 h6 9. Bh4 Nh5 10. Bxe7 Qxe7 11. Nge2 Nb6 12. h3 Nf6 13. O-O O-O 14. Rab1 a5 15. Ng3 Re8 16. Rfe1 Be6 17. a3 Qd7 18. f4 Qc7 19. Qf2 Bd7 20. Rbc1 Nc8 21. Qf3 Qb8 22. Na4 Qc7 23. f5 b6 24. Nc3 Qb8 25. e4 dxe4 26. Ncxe4 Nxe4 27. Bxe4 Qd6 28. Kh1 Ra7 29. Rcd1 Ne7 30. Nh5 Nd5 31. Bxd5 Rxe1+ 32. Rxe1 cxd5 33. f6 g6 34. Ng3 Ra8 35. Re5 Be6 36. Ne2 Re8 37. Nf4 Kh7 38. Qe3 Qc6 39. Kh2 Qd6 40. Kh1 Qc6 41. Nxd5 Rd8 42. Nc3 Bf5 43. Qf2 Qd6 44. Rd5 Qxf6 45. Rxd8 Qxd8 46. d5 Kg8 47. Qf4 b5 48. d6 Bd7 49. Nd5 Be6 50. Nf6+ Kg7 51. Ne4 Bf5 52. Nc3 Bd7 53. Nd5 Be6 54. Qe5+ Kh7 55. Nf6+ Kh8 56. Ne8+ f6 57. Qxe6 1-0

[Event "GER-chT Youth Countries 2020"]
[Site "Berlin"]
[Date "2020.10.03"]
[Round "6"]
[White "Bakiev, Diyor"]
[Black "Muedder, Melanie"]
[Result "0-1"]
[ECO "B22"]
[WhiteElo "2070"]
[BlackElo "2039"]
[Annotator "ChessBase"]
[PlyCount "60"]
[EventDate "2020.09.30"]
[EventType "team-tourn"]
[EventRounds "7"]
[EventCountry "GER"]
[SourceTitle "playchess.com"]
[Source "ChessBase"]
[SourceQuality "1"]
[TimeControl "30/5400+30:0"]

1. e4 c5 2. c3 d5 3. exd5 Qxd5 4. d4 Nc6 5. Nf3 Bf5 6. Be3 Nf6 7. Na3 cxd4 8. Bc4 Qa5 9. Nxd4 Nxd4 10. Bxd4 e5 11. Bb5+ Bd7 12. Bxd7+ Nxd7 13. Nc4 Qd5 14. Qe2 f6 15. O-O Be7 16. f4 exd4 17. Rae1 O-O-O 18. Qd3 Bc5 19. Kh1 Nb6 20. Nxb6+ Bxb6 21. c4 Qd7 22. c5 Bc7 23. b4 Rhe8 24. b5 Rxe1 25. Rxe1 Re8 26. Rb1 Re3 27. Qc4 Qe6 28. Qb4 Qe4 29. b6 a5 30. c6 axb4 0-1

[Event "GER-chT Youth Countries 2020"]
[Site "Berlin"]
[Date "2020.10.03"]
[Round "6"]
[White "Ermitsch, Magnus"]
[Black "Milare, Tyron"]
[Result "0-1"]
[ECO "B53"]
[WhiteElo "2025"]
[BlackElo "2176"]
[Annotator "ChessBase"]
[PlyCount "152"]
[EventDate "2020.09.30"]
[EventType "team-tourn"]
[EventRounds "7"]
[EventCountry "GER"]
[SourceTitle "playchess.com"]
[Source "ChessBase"]
[SourceQuality "1"]
[TimeControl "30/5400+30:0"]

1. e4 c5 2. Nf3 d6 3. d4 cxd4 4. Qxd4 Nc6 5. Bb5 Bd7 6. Bxc6 Bxc6 7. Nc3 e5 8. Qd3 Be7 9. O-O h6 10. b3 Nf6 11. Rd1 O-O 12. a4 Qc8 13. Ba3 Rd8 14. h3 Qe6 15. Qe3 Nh5 16. Kh2 Nf4 17. Ne2 Qg6 18. Nxf4 exf4 19. Qxf4 Bf6 20. Rac1 Bxe4 21. Rxd6 Rxd6 22. Bxd6 Bb2 23. Rb1 Bxf3 24. Qg3 Rd8 25. Rxb2 Qxd6 26. Qxd6 Rxd6 27. gxf3 Rd2 28. Kg3 g5 29. a5 Kf8 30. Ra2 Ke7 31. Ra4 Rxc2 32. Rb4 Rc7 33. f4 Ke6 34. fxg5 hxg5 35. Kg4 f6 36. h4 gxh4 37. Kxh4 Rg7 38. Rb5 a6 39. Rc5 f5 40. Kh3 Rg4 41. Rc3 Rb4 42. Kg3 Rb5 43. Kf4 Rxa5 44. Kg5 Ke5 45. f4+ Ke4 46. Rc4+ Kd3 47. Rb4 b5 48. Kxf5 Kc3 49. Re4 Kxb3 50. Ke6 b4 51. Re5 Rb5 52. Rxb5 axb5 53. f5 Ka2 54. f6 b3 55. f7 b2 56. f8=Q b1=Q 57. Qa8+ Kb2 58. Qh8+ Kb3 59. Qd4 Qe1+ 60. Kd5 Qc3 61. Qd1+ Ka3 62. Qf1 b4 63. Qa6+ Kb3 64. Qe2 Ka3 65. Qa6+ Kb2 66. Qe2+ Qc2 67. Qe5+ Ka2 68. Qb8 Qd2+ 69. Kc4 Qe2+ 70. Kc5 b3 71. Qa7+ Kb1 72. Kb4 b2 73. Qh7+ Kc1 74. Qh1+ Kc2 75. Qh7+ Qd3 76. Qc7+ Kd1 0-1

[Event "GER-chT Youth Countries 2020"]
[Site "Berlin"]
[Date "2020.10.03"]
[Round "6"]
[White "Pikalow, Michael"]
[Black "Costa, Leonardo"]
[Result "0-1"]
[ECO "C72"]
[WhiteElo "2021"]
[BlackElo "2245"]
[Annotator "ChessBase"]
[PlyCount "53"]
[EventDate "2020.09.30"]
[EventType "team-tourn"]
[EventRounds "7"]
[EventCountry "GER"]
[SourceTitle "playchess.com"]
[Source "ChessBase"]
[SourceQuality "1"]
[TimeControl "30/5400+30:0"]

1. e4 e5 2. Nf3 Nc6 3. Bb5 a6 4. Ba4 d6 5. O-O Bd7 6. c3 g6 7. d4 Bg7 8. Bg5 Nf6 9. Bc2 h6 10. Bxf6 Qxf6 11. d5 Ne7 12. Ne1 g5 13. Nd2 h5 14. Nd3 Ng6 15. g3 Bh3 16. Re1 Bg4 17. f3 Bd7 18. Rf1 Bh6 19. Qe2 Qg7 20. c4 g4 21. Qf2 gxf3 22. Bd1 Bh3 23. Re1 h4 24. Bxf3 hxg3 25. hxg3 Nf4 26. Re3 Nxd5 27. Re2 0-1

[Event "GER-chT Youth Countries 2020"]
[Site "Berlin"]
[Date "2020.10.03"]
[Round "6"]
[White "Nguyen, Ha Thanh"]
[Black "Basovskiy, Jana"]
[Result "1-0"]
[ECO "B40"]
[WhiteElo "2019"]
[BlackElo "1760"]
[Annotator "ChessBase"]
[PlyCount "71"]
[EventDate "2020.09.30"]
[EventType "team-tourn"]
[EventRounds "7"]
[EventCountry "GER"]
[SourceTitle "playchess.com"]
[Source "ChessBase"]
[SourceQuality "1"]
[TimeControl "30/5400+30:0"]

1. e4 c5 2. Nf3 e6 3. d4 cxd4 4. Nxd4 Nf6 5. Bd3 Nc6 6. Nxc6 bxc6 7. Qe2 d5 8. Nd2 Be7 9. O-O O-O 10. b3 Qc7 11. c4 Bb7 12. e5 Nd7 13. Bb2 Rfe8 14. Rae1 a5 15. Qg4 Bb4 16. Re2 Qb6 17. Nf3 Nf8 18. Bc1 a4 19. Nh4 axb3 20. axb3 Ra1 21. h3 Rea8 22. Kh2 Be7 23. Re3 Qc7 24. Ree1 g6 25. f4 Bb4 26. Rd1 c5 27. Qg3 d4 28. f5 exf5 29. Nxf5 Ne6 30. Nh6+ Kh8 31. Nxf7+ Kg8 32. Nh6+ Kh8 33. Nf7+ Kg8 34. Nd6 Rf8 35. Rxf8+ Nxf8 36. Rf1 1-0

[Event "GER-chT Youth Countries 2020"]
[Site "Berlin"]
[Date "2020.10.03"]
[Round "6"]
[White "Bashylina, Luisa"]
[Black "Poetsch, Leonore"]
[Result "1/2-1/2"]
[ECO "C05"]
[WhiteElo "2005"]
[BlackElo "1984"]
[Annotator "ChessBase"]
[PlyCount "75"]
[EventDate "2020.09.30"]
[EventType "team-tourn"]
[EventRounds "7"]
[EventCountry "GER"]
[SourceTitle "playchess.com"]
[Source "ChessBase"]
[SourceQuality "1"]
[TimeControl "30/5400+30:0"]

1. e4 e6 2. d4 d5 3. Nd2 Nf6 4. e5 Nfd7 5. f4 c5 6. c3 Nc6 7. Ndf3 cxd4 8. cxd4 a5 9. Bd3 a4 10. Ne2 Nb6 11. O-O g6 12. Nc3 h5 13. Qe1 Na5 14. Qg3 Nac4 15. Ng5 Rg8 16. Nh7 Be7 17. f5 exf5 18. Bxf5 Bxf5 19. Rxf5 h4 20. Qg4 Qd7 21. Rf4 Qxg4 22. Rxg4 Rh8 23. Ng5 Rh5 24. Rb1 f5 25. exf6 Bxf6 26. Ne6 Kf7 27. Nc5 Nd6 28. Be3 Nbc4 29. Bf2 b5 30. Nd7 Be7 31. b3 axb3 32. axb3 Nd2 33. Re1 N2e4 34. Nxe4 Nxe4 35. Ne5+ Rxe5 36. dxe5 g5 37. g3 h3 38. Rgxe4 1/2-1/2

[Event "GER-chT Youth Countries 2020"]
[Site "Berlin"]
[Date "2020.10.03"]
[Round "6"]
[White "Farokhi, Keyvan"]
[Black "Viet, Silas"]
[Result "1-0"]
[ECO "B67"]
[WhiteElo "2001"]
[BlackElo "1846"]
[Annotator "ChessBase"]
[PlyCount "45"]
[EventDate "2020.09.30"]
[EventType "team-tourn"]
[EventRounds "7"]
[EventCountry "GER"]
[SourceTitle "playchess.com"]
[Source "ChessBase"]
[SourceQuality "1"]
[TimeControl "30/5400+30:0"]

1. e4 c5 2. Nf3 d6 3. d4 cxd4 4. Nxd4 Nf6 5. Nc3 Nc6 6. Bg5 e6 7. Qd2 a6 8. O-O-O Bd7 9. f4 b5 10. Bxf6 gxf6 11. Kb1 Qb6 12. Nxc6 Bxc6 13. f5 O-O-O 14. Qf4 Be7 15. a3 a5 16. fxe6 fxe6 17. Qg4 Bd7 18. Bxb5 Bxb5 19. Nd5 Qb7 20. Qxe6+ Bd7 21. Qxe7 Rhe8 22. Qxd6 Re6 23. Ne7+ 1-0

[Event "GER-chT Youth Countries 2020"]
[Site "Berlin"]
[Date "2020.10.03"]
[Round "6"]
[White "Moenster, Madita"]
[Black "Yue, Qizhou"]
[Result "1/2-1/2"]
[ECO "B48"]
[WhiteElo "1918"]
[BlackElo "1775"]
[Annotator "ChessBase"]
[PlyCount "155"]
[EventDate "2020.09.30"]
[EventType "team-tourn"]
[EventRounds "7"]
[EventCountry "GER"]
[SourceTitle "playchess.com"]
[Source "ChessBase"]
[SourceQuality "1"]
[TimeControl "30/5400+30:0"]

1. e4 c5 2. Nf3 e6 3. d4 cxd4 4. Nxd4 Nc6 5. Nc3 Qc7 6. Be3 a6 7. Qf3 Ne5 8. Qg3 h5 9. Nf5 exf5 10. Nd5 Qb8 11. Bb6 Bd6 12. Qxg7 Ng6 13. Bc4 Nh6 14. Nf6+ Ke7 15. Bxf7 Nxf7 16. Nd5+ Ke8 17. Qxg6 Be5 18. O-O-O Kf8 19. Qxf5 d6 20. Qf3 Bg4 21. Qb3 Bxd1 22. Rxd1 Qc8 23. f4 Bg7 24. Nc7 Rb8 25. Ne6+ Kg8 26. Nxg7 Kxg7 27. Bd4+ Kf8 28. Bxh8 Nxh8 29. Qd5 Nf7 30. Qxh5 Qc4 31. Qd5 Qe2 32. e5 Rc8 33. Qd2 Qxd2+ 34. Rxd2 dxe5 35. fxe5 Nxe5 36. h3 Ke7 37. b3 Rf8 38. Re2 Kd6 39. Kd2 Nc6 40. c3 Rf1 41. Ke3 Ne5 42. Ke4 Ng6 43. g4 Nh4 44. Re3 Rf2 45. a4 Rf1 46. Rg3 Ng6 47. Rf3 Re1+ 48. Kd4 Rd1+ 49. Ke3 Ne5 50. Rg3 Rb1 51. b4 b6 52. h4 Rh1 53. h5 Ke6 54. Kf4 Rf1+ 55. Kg5 Nf7+ 56. Kg6 Ne5+ 57. Kg5 Nf7+ 58. Kh4 Rh1+ 59. Rh3 Rg1 60. Re3+ Kf6 61. Rd3 Ke7 62. Rd5 Ke6 63. Rd4 Rh1+ 64. Kg3 Ng5 65. c4 Nf7 66. b5 axb5 67. cxb5 Ke5 68. Rc4 Ng5 69. Rc6 Rh3+ 70. Kg2 Ra3 71. Rxb6 Ra2+ 72. Kg3 Ra3+ 73. Kf2 Rxa4 74. Kg3 Ra3+ 75. Kf2 Ra4 76. Rc6 Rxg4 77. b6 Rb4 78. Ke3 1/2-1/2

[Event "GER-chT Youth Countries 2020"]
[Site "Berlin"]
[Date "2020.10.03"]
[Round "6"]
[White "Chassard, Cedric"]
[Black "Nguyen, Alex Dac-Vuong"]
[Result "1-0"]
[ECO "C06"]
[WhiteElo "1916"]
[BlackElo "2343"]
[Annotator "ChessBase"]
[PlyCount "111"]
[EventDate "2020.09.30"]
[EventType "team-tourn"]
[EventRounds "7"]
[EventCountry "GER"]
[SourceTitle "playchess.com"]
[Source "ChessBase"]
[SourceQuality "1"]
[TimeControl "30/5400+30:0"]

1. e4 e6 2. d4 d5 3. Nd2 Nf6 4. e5 Nfd7 5. Bd3 c5 6. c3 Nc6 7. Ne2 cxd4 8. cxd4 f6 9. exf6 Nxf6 10. Nf3 Bd6 11. O-O Qc7 12. h3 O-O 13. Re1 Bd7 14. Be3 Be8 15. Ng5 Bf7 16. Rc1 h6 17. Nxf7 Qxf7 18. Bb1 Rae8 19. Qc2 Ne7 20. Bf4 Bxf4 21. Nxf4 Ne4 22. f3 Qxf4 23. fxe4 Rc8 24. Qd1 Qf2+ 25. Kh1 Qxb2 26. Rxc8 Rxc8 27. exd5 Nxd5 28. Qg4 Rc6 29. Bg6 Qb6 30. Qf3 Nf6 31. d5 Rd6 32. dxe6 Rxe6 33. Rb1 Qa5 34. Qg3 Qe5 35. Qxe5 Rxe5 36. Rxb7 Nh7 37. Rxa7 Nf8 38. Ra8 Re6 39. Bd3 Rf6 40. h4 h5 41. g4 hxg4 42. h5 Kf7 43. Bc4+ Ke7 44. Ra7+ Kd6 45. Rxg7 Rf5 46. Bf7 Ke5 47. Be8 Ne6 48. Rxg4 Rf1+ 49. Kg2 Ra1 50. a4 Nf4+ 51. Kg3 Ne2+ 52. Kh2 Nf4 53. h6 Ra2+ 54. Kg3 Ra3+ 55. Kh4 Rh3+ 56. Kg5 1-0

[Event "GER-chT Youth Countries 2020"]
[Site "Berlin"]
[Date "2020.10.03"]
[Round "6"]
[White "Weidenhoefer, Max"]
[Black "Khachatryan, Taron"]
[Result "1/2-1/2"]
[ECO "B90"]
[WhiteElo "1897"]
[BlackElo "2136"]
[Annotator "ChessBase"]
[PlyCount "129"]
[EventDate "2020.09.30"]
[EventType "team-tourn"]
[EventRounds "7"]
[EventCountry "GER"]
[SourceTitle "playchess.com"]
[Source "ChessBase"]
[SourceQuality "1"]
[TimeControl "30/5400+30:0"]

1. e4 c5 2. Nf3 d6 3. d4 cxd4 4. Nxd4 Nf6 5. Nc3 a6 6. Be3 e5 7. Nb3 Be6 8. f3 Be7 9. Qd2 Nbd7 10. O-O-O O-O 11. g4 b5 12. Kb1 Nb6 13. g5 Nh5 14. Nd5 Nxd5 15. exd5 Bf5 16. Na5 Bd7 17. h4 Ng3 18. Rh2 Nxf1 19. Rxf1 Qc7 20. f4 f5 21. Rd1 Bd8 22. Nb3 Qc4 23. fxe5 dxe5 24. Nc5 Be8 25. b3 Qg4 26. d6 Bc6 27. Ne6 f4 28. Nxf8 fxe3 29. Qd3 Kxf8 30. Rf1+ Kg8 31. Qxe3 Qd4 32. Qxd4 exd4 33. Rhf2 Bb6 34. Rf7 Re8 35. h5 Bd5 36. g6 Rd8 37. Re7 hxg6 38. hxg6 Bc5 39. Re5 Bg2 40. Rfe1 Bxd6 41. Re8+ Rxe8 42. Rxe8+ Bf8 43. a3 Bc6 44. Re6 Bb7 45. b4 Bc8 46. Rc6 Bb7 47. Rb6 Bc8 48. Kc1 a5 49. Rxb5 axb4 50. axb4 Bd7 51. Rb6 Be8 52. Re6 Bxg6 53. Rxg6 Bxb4 54. Kd1 Kf7 55. Ra6 Be7 56. Ke2 Bf6 57. Kd3 Ke7 58. Ke4 Kd7 59. Kf5 Ke7 60. Re6+ Kd7 61. Re4 Kd6 62. Re1 Kd5 63. Rd1 Kc4 64. Rd3 Kc5 65. Ke4 1/2-1/2

[Event "GER-chT Youth Countries 2020"]
[Site "Berlin"]
[Date "2020.10.03"]
[Round "6"]
[White "Zhou, Lepu Coco"]
[Black "Jacoby, Angelina"]
[Result "1-0"]
[ECO "B01"]
[WhiteElo "1872"]
[BlackElo "1630"]
[Annotator "NA"]
[PlyCount "123"]
[EventDate "2020.09.30"]
[EventType "team-tourn"]
[EventRounds "7"]
[EventCountry "GER"]
[SourceTitle "playchess.com"]
[Source "ChessBase"]
[SourceQuality "1"]
[TimeControl "30/5400+30:0"]

1. e4 d5 2. exd5 Qxd5 3. Nc3 Qd8 4. d4 Nf6 5. Nf3 Bg4 6. Be3 e6 7. Bc4 c6 8. O-O Bd6 9. Re1 O-O 10. h3 Bxf3 11. Qxf3 Nbd7 12. Rad1 Nd5 13. Nxd5 cxd5 14. Bd3 Qf6 15. Qxf6 Nxf6 16. Bd2 Rac8 17. b3 h6 18. c4 b6 19. a4 Rfd8 20. a5 Bf8 21. axb6 axb6 22. Bc3 Ne8 23. Rc1 g5 24. Red1 Bg7 25. cxd5 Rxd5 26. Ba6 Rcd8 27. Bb2 Nf6 28. Rc8 Rxc8 29. Bxc8 Rd8 30. Bb7 Nd5 31. Rc1 Rd7 32. Ba6 Rc7 33. Rxc7 Nxc7 34. Bc4 Ne8 35. Kf1 Nd6 36. Bd3 Nb7 37. Ke2 Kf8 38. Ba3+ Ke8 39. Bb5+ Kd8 40. Kd3 Kc7 41. Be8 f5 42. Bg6 Kc6 43. g4 f4 44. Be4+ Kc7 45. Bf3 Nd6 46. Bg2 Bf6 47. d5 exd5 48. Bxd5 Bg7 49. Bc1 Ba1 50. h4 Bf6 51. hxg5 hxg5 52. f3 Bg7 53. Bd2 Kd7 54. Be1 Bf6 55. Bf2 Kc7 56. Bd4 Be7 57. Be5 Kd7 58. Bh8 Bd8 59. Kd4 Ke7 60. b4 Kf8 61. Kd3 Ke7 62. Bg7 1-0

[Event "GER-chT Youth Countries 2020"]
[Site "Berlin"]
[Date "2020.10.03"]
[Round "6"]
[White "Ley, Sabrina"]
[Black "Hommer, Jeremy"]
[Result "0-1"]
[ECO "B10"]
[WhiteElo "1871"]
[BlackElo "2246"]
[Annotator "ChessBase"]
[PlyCount "130"]
[EventDate "2020.09.30"]
[EventType "team-tourn"]
[EventRounds "7"]
[EventCountry "GER"]
[SourceTitle "playchess.com"]
[Source "ChessBase"]
[SourceQuality "1"]
[TimeControl "30/5400+30:0"]

1. e4 c6 2. Nf3 d5 3. Nc3 dxe4 4. Nxe4 Nf6 5. Qe2 Nxe4 6. Qxe4 Qd5 7. Qh4 Qe6+ 8. Be2 Qg4 9. Qg3 Qxg3 10. hxg3 g6 11. Bc4 e6 12. d4 Nd7 13. Bf4 Bg7 14. O-O-O Nb6 15. Bb3 Bd7 16. Bh6 Kf8 17. Rh2 Bxh6+ 18. Rxh6 Kg7 19. Rdh1 f6 20. g4 Rae8 21. g5 f5 22. Ne5 Bc8 23. c3 Nd7 24. Nc4 Re7 25. Nd6 Nb6 26. Re1 Rd8 27. Nc4 Nxc4 28. Bxc4 a5 29. a3 a4 30. Rh3 Rde8 31. Rhe3 h6 32. gxh6+ Kxh6 33. Re5 Kg5 34. Kd2 Kf6 35. R1e2 Rh7 36. g3 Rh1 37. Re1 Rh2 38. R1e2 b6 39. Kd1 g5 40. Kd2 Rh1 41. Bd3 Reh8 42. Bc4 Rb1 43. Ke3 b5 44. Bd3 Rd1 45. Rd2 Rg1 46. c4 Rh3 47. Kf3 Bd7 48. cxb5 Be8 49. Bc4 Bh5+ 50. Ke3 cxb5 51. Rxe6+ Kf7 52. Rc6+ bxc4 53. d5 f4+ 54. Kd4 fxg3 55. Rc7+ Ke8 56. d6 gxf2 57. Kc5 Bg4 58. Re7+ Kd8 59. Rxf2 Rh8 60. Rff7 c3 61. Ra7 c2 62. Ra8+ Bc8 63. Rxc8+ Kxc8 64. Rc7+ Kd8 65. Kb6 c1=Q 0-1

[Event "GER-chT Youth Countries 2020"]
[Site "Berlin"]
[Date "2020.10.03"]
[Round "6"]
[White "Sommer, Justus"]
[Black "Koenig, Emmilie"]
[Result "1/2-1/2"]
[ECO "B13"]
[WhiteElo "1845"]
[BlackElo "1518"]
[Annotator "NA"]
[PlyCount "108"]
[EventDate "2020.09.30"]
[EventType "team-tourn"]
[EventRounds "7"]
[EventCountry "GER"]
[SourceTitle "playchess.com"]
[Source "ChessBase"]
[SourceQuality "1"]
[TimeControl "30/5400+30:0"]

1. e4 c6 2. d4 d5 3. exd5 cxd5 4. Bd3 Nf6 5. Bf4 Bg4 6. f3 Bd7 7. Ne2 e6 8. O-O Nc6 9. c3 Be7 10. Nd2 Qb6 11. Qb3 Qxb3 12. axb3 O-O 13. Ng3 Ne8 14. b4 Bd6 15. Bxd6 Nxd6 16. f4 Ne7 17. Nf3 Bb5 18. Bxb5 Nxb5 19. Ne5 Rfd8 20. Rae1 Nd6 21. h3 g6 22. Nh1 a5 23. bxa5 Rxa5 24. g4 Ra2 25. Rf2 Nc6 26. Rc2 Nxe5 27. fxe5 Nc4 28. Ree2 Ra1+ 29. Kg2 Rda8 30. Nf2 Rb1 31. Nd3 Ra2 32. h4 b6 33. Kh3 Raa1 34. h5 Rh1+ 35. Rh2 Rxh2+ 36. Rxh2 Rd1 37. Nb4 Rb1 38. Nd3 Kg7 39. Kh4 Rg1 40. hxg6 hxg6 41. Rh3 Rg2 42. b4 Nd2 43. Nf4 Rf2 44. Nd3 Rf3 45. Rxf3 Nxf3+ 46. Kg3 Nd2 47. Nf2 g5 48. Nd1 f6 49. exf6+ Kxf6 50. Kf2 Ne4+ 51. Ke3 b5 52. Kd3 e5 53. Ke3 Ke6 54. Kd3 Kd6 1/2-1/2

[Event "GER-chT Youth Countries 2020"]
[Site "Berlin"]
[Date "2020.10.03"]
[Round "6"]
[White "Fock, Amina"]
[Black "Zackrisson, Peter"]
[Result "0-1"]
[ECO "B23"]
[WhiteElo "1840"]
[BlackElo "1947"]
[Annotator "ChessBase"]
[PlyCount "86"]
[EventDate "2020.09.30"]
[EventType "team-tourn"]
[EventRounds "7"]
[EventCountry "GER"]
[SourceTitle "playchess.com"]
[Source "ChessBase"]
[SourceQuality "1"]
[TimeControl "30/5400+30:0"]

1. e4 c5 2. Nc3 Nc6 3. f4 e6 4. Nf3 d5 5. e5 b6 6. Bb5 Nge7 7. d4 a6 8. Bxc6+ Nxc6 9. Be3 Be7 10. O-O O-O 11. a4 f6 12. Ne2 fxe5 13. fxe5 Bd7 14. Qd2 Rc8 15. Nf4 cxd4 16. Bxd4 Bc5 17. c3 Na5 18. Rab1 Nb3 19. Qe3 Qe8 20. a5 bxa5 21. Bxc5 Nxc5 22. Nd2 Bb5 23. Rf3 a4 24. h4 Qe7 25. Rh3 Rf5 26. g4 Rf7 27. Ne2 Rcf8 28. Rf1 Rxf1+ 29. Nxf1 Ne4 30. Rf3 Rxf3 31. Qxf3 Qxh4 32. Neg3 Bxf1 33. Nxf1 Qg5 34. Qe2 h5 35. Ne3 hxg4 36. Nxg4 Qf4 37. Ne3 Ng3 38. Qd3 Qxe5 39. Kf2 Ne4+ 40. Ke2 Qh2+ 41. Ke1 Qxb2 42. Nxd5 Qf2+ 43. Kd1 Qg1+ 0-1

[Event "GER-chT Youth Countries 2020"]
[Site "Berlin"]
[Date "2020.10.03"]
[Round "6"]
[White "Besou, Hussain"]
[Black "Werner, Florin"]
[Result "1/2-1/2"]
[ECO "A01"]
[WhiteElo "1825"]
[BlackElo "1481"]
[Annotator "NA"]
[PlyCount "40"]
[EventDate "2020.09.30"]
[EventType "team-tourn"]
[EventRounds "7"]
[EventCountry "GER"]
[SourceTitle "playchess.com"]
[Source "ChessBase"]
[SourceQuality "1"]
[TimeControl "30/5400+30:0"]

1. b3 d5 2. Bb2 Bf5 3. Nf3 e6 4. g3 Nf6 5. Bg2 c5 6. O-O Nc6 7. d3 Bg6 8. Nbd2 Be7 9. c4 d4 10. a3 O-O 11. h3 Qc7 12. Rb1 Rad8 13. Ba1 h6 14. Ne1 a5 15. Nc2 b6 16. Qe1 e5 17. Rd1 Rfe8 18. Bb2 Bd6 19. Ne4 Nxe4 20. dxe4 Bh7 1/2-1/2

[Event "GER-chT Youth Countries 2020"]
[Site "Berlin"]
[Date "2020.10.03"]
[Round "6"]
[White "Schwartz, Oliver"]
[Black "Herrmann, Jakob"]
[Result "1/2-1/2"]
[ECO "B12"]
[WhiteElo "1794"]
[BlackElo "1504"]
[Annotator "NA"]
[PlyCount "106"]
[EventDate "2020.09.30"]
[EventType "team-tourn"]
[EventRounds "7"]
[EventCountry "GER"]
[SourceTitle "playchess.com"]
[Source "ChessBase"]
[SourceQuality "1"]
[TimeControl "30/5400+30:0"]

1. e4 c6 2. d4 d5 3. e5 Bf5 4. Nf3 e6 5. Be2 c5 6. Be3 Nc6 7. dxc5 Qc7 8. Nc3 a6 9. O-O Be7 10. a3 Bf8 11. Re1 Nge7 12. b4 Nxe5 13. Nxe5 Qxe5 14. Bd4 Qc7 15. Be5 Qd7 16. Bf3 f6 17. Bd6 Kf7 18. Bg4 Bxg4 19. Qxg4 Nf5 20. Bxf8 Rhxf8 21. Rad1 Rad8 22. Rd3 Rfe8 23. Rh3 Kg8 24. Qh5 g6 25. Qf3 Qf7 26. Qg4 Rc8 27. Rf3 Rcd8 28. h4 Qg7 29. h5 gxh5 30. Qxh5 Qg6 31. Qh3 Kf7 32. Rf4 Rg8 33. Ne2 Rg7 34. Ng3 Rdg8 35. Nxf5 Qxg2+ 36. Qxg2 Rxg2+ 37. Kf1 exf5 38. Re3 Rh2 39. Rxf5 Rh1+ 40. Ke2 Rg5 41. Rxg5 fxg5 42. Re5 g4 43. Rxd5 Ke7 44. Rg5 Kd7 45. Rxg4 Ra1 46. Rh4 Rxa3 47. Rxh7+ Kc6 48. Rh6+ Kc7 49. Rd6 Rc3 50. Rd4 Rxc2+ 51. Ke3 a5 52. Kd3 Rxf2 53. bxa5 Ra2 1/2-1/2

[Event "GER-chT Youth Countries 2020"]
[Site "Berlin"]
[Date "2020.10.03"]
[Round "6"]
[White "Haubold, Sebastian Marcel"]
[Black "Bardorz, Jana"]
[Result "1-0"]
[ECO "C75"]
[WhiteElo "1769"]
[BlackElo "1960"]
[Annotator "ChessBase"]
[PlyCount "54"]
[EventDate "2020.09.30"]
[EventType "team-tourn"]
[EventRounds "7"]
[EventCountry "GER"]
[SourceTitle "playchess.com"]
[Source "ChessBase"]
[SourceQuality "1"]
[TimeControl "30/5400+30:0"]

1. e4 e5 2. Nf3 Nc6 3. Bb5 a6 4. Ba4 d6 5. c3 Bd7 6. O-O g6 7. d4 Bg7 8. Re1 Nf6 9. Nbd2 O-O 10. h3 Re8 11. a3 b5 12. Bb3 exd4 13. cxd4 Na5 14. Ba2 c5 15. e5 Nh5 16. Ne4 dxe5 17. dxc5 Be6 18. Nd6 Re7 19. Bg5 Bxa2 20. Bxe7 Qxe7 21. Rxa2 Rd8 22. Qc2 Nb7 23. Nxb7 Qxb7 24. b4 Nf4 25. Qe4 Rd5 26. Rc2 Qc6 27. Nd4 exd4 1-0